 Seeded DCSS version 0.27-a0-1193-g8631133539 (webtiles) character file.

Game seed: 13139434240342159461 (custom seed)

188 streetpizza the Ducker (level 6, -1/46 HPs)
             Began as a Djinni Gladiator on May 25, 2021.
             Splashed by a jelly's acid (3 damage)
             ... on level 4 of the Dungeon.
             The game lasted 00:07:23 (4159 turns).

streetpizza the Ducker (Djinni Gladiator)           Turns: 4159, Time: 00:07:24

Health: -1/46      AC: -4    Str: 13    XL:     6   Next: 0%
Gold:   131        EV: 13    Int: 10    God:
                   SH:  0    Dex: 16

rFire    + + .     SeeInvis .   a - +0 long sword
rCold    x . .     Faith    .   (no shield)
rNeg     . . .     Spirit   .   b - +0 leather armour
rPois    ∞         Reflect  .   c - +0 helmet
rElec    .         Harm     .   (no cloak)
rCorr    .         Rampage  .   (no gloves)
Will     .....                  (boots unavailable)
Stlth    +.........             (no amulet)
HPRegen  0.15/turn              l - +4 ring of protection
MPRegen  0.00/turn              (no ring)

@: corroded, flying
A: sickness immunity, fire resistance 2, cold vulnerability 1, float, innate
caster, hp casting, extra vitality 1
a: no special abilities


You were on level 4 of the Dungeon.
You visited 1 branch of the dungeon, and saw 4 of its levels.

You collected 131 gold pieces.

Inventory:

Hand Weapons
 a - a +0 long sword (weapon)
Missiles
 d - 3 throwing nets (quivered)
 q - 5 poisoned darts
 u - 56 stones
Armour
 b - a +0 leather armour (worn)
 c - a +0 helmet (worn)
Jewellery
 l - a +4 ring of protection (left hand)
 s - a ring of poison resistance
Wands
 n - a wand of polymorph (6)
Scrolls
 e - 2 scrolls of fog {unknown}
 f - a scroll of brand weapon {unknown}
 i - a scroll of vulnerability {unknown}
 m - a scroll of blinking {unknown}
 p - a scroll of fear {unknown}
 t - a scroll of noise {unknown}
 v - a scroll of torment {unknown}
Potions
 g - 2 potions of lignification {unknown}
 h - 2 potions of curing {unknown}
 j - a potion of mutation {unknown}
 k - 2 potions of haste {unknown}
 o - a potion of might {unknown}
 r - a potion of invisibility {unknown}
 w - a potion of heal wounds {unknown}


   Skills:
 + Level 3.3 Fighting
 + Level 3.6 Long Blades
 - Level 1.5 Throwing
 + Level 4.4 Dodging
 + Level 1.6 Spellcasting


You had 5 spell levels left.
You knew the following spells:

 Your Spells              Type           Power      Damage    Failure   Level
a - Sandblast             Erth           8%         2d5       21%         1
b - Poisonous Vapours     Pois/Air       8%         N/A       30%         2
Your spell library was empty.

Dungeon Overview and Level Annotations

Branches:
Dungeon (4/15)
 Temple: D:4-7

Altars:
Elyvilon
Wu Jian


Innate Abilities, Weirdness & Mutations

You are immune to sickness and miasma.
You are immune to poison.
Your flesh is very heat resistant. (rF++)
You are vulnerable to cold. (rC-)
You float through the air rather than walking.
You learn spells naturally, not from books.
Your magical power is your life essence.
You have superior vitality. (+4 HP)


Message History

e - 2 scrolls labelled NEOSAW ACKIA (gained 1)
There is a stone staircase leading down here.
You see here a +0 hunting sling.
You see here a +0 robe.
A jelly comes into view.
The jelly quivers.
Found a short jewelled staff.
The jelly hits you. The acid corrodes you!
You are splashed with acid!
You see here a staff of cold.
You hit the jelly.
Your hands burn!
The jelly is lightly wounded.
The jelly barely misses you.
You hit the jelly but do no damage.
Your hands burn!
The jelly is lightly wounded.
The jelly closely misses you.
You riposte.
You hit the jelly.
The jelly is heavily wounded.
You hit the jelly but do no damage.
Your hands burn!
The jelly is heavily wounded.
The jelly hits you.
You are splashed with acid.
You hit the jelly but do no damage.
Your hands burn!
The jelly is heavily wounded.
The jelly misses you. The jelly barely misses you.
You hit the jelly but do no damage. The acid corrodes you!
Your hands burn!
The jelly is heavily wounded.
The jelly hits you.
* * * LOW HITPOINT WARNING * * *
You are splashed with acid.
* * * LOW HITPOINT WARNING * * *
You hit the jelly.
Your hands burn!
* * * LOW HITPOINT WARNING * * *
The jelly is almost dead.
The jelly completely misses you.
You riposte.
Your leather armour prevents you from hitting the jelly.
The jelly is almost dead.
You hit the jelly but do no damage.
Your hands burn!
* * * LOW HITPOINT WARNING * * *
The jelly is almost dead.
The jelly closely misses you.
You hit the jelly. The acid corrodes you!
Your hands burn!
You die...

# ...######### ####
.......J@..# ##..
...#######.# ##.#
#######.# ##.#
#.......#
##.#########.#####.###
##.#.................#
.....#######.#####.....
###.## #.# ###.### #
#.# #.# #.#


You could see a jelly.

Vanquished Creatures
  A scorpion (D:4)
  An orc wizard (D:3)
  3 adders
  2 adder skeletons (D:4)
  3 worms
  A dart slug (D:3)
  3 orcs (D:3)
  7 bats
  3 endoplasms
  3 giant cockroaches
  2 hobgoblins (D:1)
  4 kobolds
  3 quokkas
  8 ball pythons
  4 frilled lizards
  6 goblins
  5 rats
59 creatures vanquished.

Notes
Turn   | Place    | Note
-------+----------+-------------------------------------------
     0 | D:1      | streetpizza the Djinni Gladiator began the quest for the
                  | Orb.
     0 | D:1      | Reached XP level 1. HP: 18/18 MP: 0/0
   156 | D:1      | Reached XP level 2. HP: 21/23 MP: 0/0
   584 | D:1      | You are sucked into a shaft and drop 1 floor!
   791 | D:1      | Found a faded altar of an unknown god.
  1111 | D:1      | Reached XP level 3. HP: 27/29 MP: 0/0
  1111 | D:1      | Learned a level 1 spell: Sandblast
  2625 | D:3      | Reached XP level 4. HP: 33/34 MP: 0/0
  2652 | D:3      | Reached skill level 1 in Spellcasting
  2785 | D:3      | Reached skill level 4 in Dodging
  3022 | D:3      | Found a white marble altar of Elyvilon.
  3115 | D:3      | Found an ornate altar of the Wu Jian Council.
  3471 | D:4      | Reached XP level 5. HP: 40/40 MP: 0/0
  3471 | D:4      | Learned a level 2 spell: Poisonous Vapours
  3912 | D:4      | Reached XP level 6. HP: 46/46 MP: 0/0
  4158 | D:4      | HP: 2/46 [acid (2)]
  4159 | D:4      | Splashed by a jelly's acid

Illustrated notes

Levels and vault maps discovered:
D:1:      ncdulo_smallfort, layout_basic, shapermc_ecumenical_altar_notcrosses,
          minmay_strange_pillars
D:2:      layout_basic
D:3:      layout_basic, elyvilon_altar_3, nzn_wu_jian_council_hall,
          minmay_fractal_squares_gapless_5
D:4:      layout_loops_ring

Skill      XL: |  1  2  3  4  5 |
---------------+----------------+-----
Long Blades    | 3 |  3.6
Spellcasting   | 1 |  1.6
Dodging        | 4 |  4.4
Fighting       | 3 |  3.3
Throwing       | |  1.5

Action                   |  1- 3 |  4- 6 || total
-------------------------+-------+-------++-------
Melee: Long sword        |    96 |    98 ||   194
 Stab: Sleeping          |     2 |     2 ||     4
Armor: Leather armour    |    29 |    40 ||    69
Dodge: Dodged            |    63 |    56 ||   119
       Rpst.: Long sword |    22 |    19 ||    41

Table legend: (Time is in decaauts)
 A = Elapsed time spent in this place.
 B = Non-inter-level travel time spent in this place.
 C = Inter-level travel time spent in this place.
 D = Time resting spent in this place.
 E = Time spent auto-exploring this place.
 F = Levels seen in this place.
 G = Mean time per level.
                   A        B        C        D        E       F      G
               +--------+--------+--------+--------+--------+-----+--------+
         Total |   4206 |   4053 |    153 |    286 |   3139 |   4 | 1051.5 |
       Dungeon |   4206 |   4053 |    153 |    286 |   3139 |   4 | 1051.5 |
               +--------+--------+--------+--------+--------+-----+--------+

Top non-repeatable levels by time:
     D:1: 1574 daAuts
     D:3: 1040 daAuts
     D:2: 880 daAuts
     D:4: 710 daAuts
